 Dungeon Crawl Stone Soup version 0.29-a0-307-gecccbbdb84 (webtiles) character file.

Game seed: 11815703038684370557

12457 hypnoticadvantage the Fighter (level 11, 0/104 HPs)
             Began as a Minotaur Berserker on Mar 27, 2022.
             Was a Priest of Trog.
             Constricted to death by Jorgrun (9 damage)
             ... on level 12 of the Dungeon.
             The game lasted 00:42:48 (13972 turns).

hypnoticadvantage the Fighter (Minotaur Berserker) Turns: 13972, Time: 00:42:49

Health: 0/104      AC: 14    Str: 28      XL:     11   Next: 62%
Magic:  0/10       EV: 16    Int:  3 (4)  God:    Trog [***...]
Gold:   453        SH:  3    Dex: 14      Spells: 10/10 levels left

rFire   . . .      SeeInvis .   a - +1 mace
rCold   . . .      Faith    .   r - +0 buckler
rNeg    . . .      Spirit   +   l - +2 ring mail {rPois}
rPois   +          Reflect  .   (helmet restricted)
rElec   .          Harm     .   (no cloak)
rCorr   .          Rampage  .   x - +0 pair of gloves
Will    .....                   t - +2 pair of boots {Fly}
Stlth   +.........              b - amulet of guardian spirit
HPRegen 0.27/turn               e - +6 ring of strength
MPRegen 0.12/turn               f - +4 ring of evasion

@: grasped by roots, on berserk cooldown, flying, slowed, constricted, very slow
A: horns 2, retaliatory headbutt, hooves 1, deterioration 1, wild magic 1
a: Renounce Religion, Berserk, Trog's Hand


You were on level 12 of the Dungeon.
You worshipped Trog.
Trog was most pleased with you.
You visited 1 branch of the dungeon, and saw 12 of its levels.

You collected 843 gold pieces.
You spent 390 gold pieces at shops.

Inventory:

Hand Weapons
 a - a +1 mace (weapon)
Missiles
 o - 24 poisoned darts
 D - a throwing net
Armour
 d - a +0 pair of boots
 l - a +2 ring mail of poison resistance (worn)
 r - a +0 buckler (worn)
 t - a +2 pair of boots of flying (worn)
 x - a +0 pair of gloves (worn)
Jewellery
 b - an amulet of guardian spirit (around neck)
 e - a +6 ring of strength (left hand)
 f - a +4 ring of evasion (right hand)
 p - a ring of fire
 w - a ring of protection from fire
 F - a ring of poison resistance
Wands
 m - a wand of paralysis (8)
 q - a wand of iceblast (23)
 C - a wand of acid (7)
 E - a wand of flame (13)
Scrolls
 s - 3 scrolls of vulnerability
 v - 2 scrolls of fear {unknown}
 y - a scroll of enchant armour {unknown}
 z - 2 scrolls of immolation {unknown}
 A - a scroll of fog {unknown}
 B - a scroll of noise {unknown}
Potions
 c - a potion of magic {unknown}
 g - 4 potions of lignification
 h - 4 potions of might
 i - 5 potions of brilliance {unknown}
 j - a potion of curing {unknown}
 k - 7 potions of attraction
 n - a potion of cancellation {unknown}
 u - a potion of flight


   Skills:
 + Level 11.8 Fighting
 + Level 11.8 Maces & Flails
 + Level 11.4 Armour
 + Level 10.6 Dodging


You had 10 spell levels left.
You didn't know any spells.
Your spell library was empty.

Dungeon Overview and Level Annotations

Branches:
Dungeon (13/15)              Lair (0/6) D:9             Orc (0/2) D:9
 Temple: D:4-7       Vaults: D:13-14

Altars:
Fedhas
Hepliaklqana
Makhleb
Nemelex Xobeh
Trog
Wu Jian
The Shining One

Shops:
D:7 =[(

Annotations:
D:9 2 runed translucent doors, anonymous's ghost, novice NaGl
D:12 Jorgrun


Innate Abilities, Weirdness & Mutations

You have a pair of horns on your head.
You reflexively headbutt those who attack you in melee.
You have large cloven feet.
Your body sometimes deteriorates upon taking damage.
Your spells are a little harder to cast, but a little more powerful.


Message History

Jorgrun is severely wounded.
Jorgrun casts a spell at you.
Roots burst forth from the earth!
The grasping roots grab you! The grasping roots constrict you!
You closely miss Jorgrun. Your headbutt misses Jorgrun.
Jorgrun is severely wounded.
Jorgrun completely misses you. You furiously retaliate!
You headbutt Jorgrun! The grasping roots constrict you!
You closely miss Jorgrun. Your headbutt misses Jorgrun.
Jorgrun is severely wounded.
You closely miss Jorgrun. You headbutt Jorgrun!
Jorgrun is severely wounded.
Jorgrun casts a spell at you.
You struggle to resist.
The grasping roots constrict you.
You hit Jorgrun.
Jorgrun is almost dead.
You hit Jorgrun.
Jorgrun is almost dead.
Jorgrun hits you with a staff of earth! Jorgrun shatters you!
The grasping roots constrict you!
You closely miss Jorgrun.
Jorgrun is almost dead.
Jorgrun casts a spell at you. The iron shot hits you!!
Your body deteriorates!
You feel dopey. The grasping roots constrict you.
* * * LOW HITPOINT WARNING * * *
You are too berserk!
You closely miss Jorgrun. Your headbutt misses Jorgrun.
Jorgrun is almost dead.
You are no longer berserk.
You are exhausted.
You feel yourself slow down.
You hit Jorgrun.
Jorgrun is almost dead.
Jorgrun hits you with a staff of earth!!
* * * LOW HITPOINT WARNING * * *
The grasping roots constrict you!
You die...

##..... ###.#### ##
##.......
#.##############........
#......................
#.............#.......
#............>#.......
+.............#.......
#....@.......##.......
####'g#########.......
#...# ###.#### ###..#
#..... #..# ###### #+#
##### ..[.. ..... .....


You could see Jorgrun (strong).

Vanquished Creatures
  A hydra (D:11)
  A two-headed ogre (D:11)
  An ugly thing (D:11)
  A cyclops (D:11)
  2 manticores (D:12)
  Maurice (D:8)
  Joseph (D:7)
  An unseen horror (D:11)
  A gargoyle (D:12)
  3 kobold demonologists (D:10)
  An efreet (D:10)
  3 trolls
  A hornet (D:9)
  A shadow (D:10)
  4 wraiths
  8 yaks
  2 wyverns (D:9)
  Eustachio (D:4)
  A steam dragon (D:10)
  2 vampire mosquitoes (D:11)
  An acid dragon (D:11)
  A warg (D:9)
  A water moccasin (D:9)
  Duvessa (D:7)
  4 orc warriors
  A black bear (D:8)
  An ice beast (D:5)
  A sky beast (D:8)
  2 ogres (D:4)
  6 centaurs
  A phantom (D:4)
  A kobold brigand (D:8)
  A necrophage (D:7)
  Dowan (D:7)
  5 wights
  14 killer bees
  4 howler monkeys
  2 hounds
  3 jellies
  Crazy Yiuf (D:7)
  7 orc priests
  3 iguanas
  9 orc wizards
  5 gnolls (D:8)
  5 adders
  A white imp (D:8)
  A worm (D:2)
  A dart slug (D:1)
  31 orcs
  5 bats
  7 endoplasms
  4 giant cockroaches
  4 goblins (D:1)
  8 hobgoblins
  7 jackals
  6 quokkas
  12 ball pythons
  3 frilled lizards
  15 kobolds
  4 rats
227 creatures vanquished.

Vanquished Creatures (collateral kills)
  A gnoll shaman (D:8)
1 creature vanquished.

Vanquished Creatures (others)
  A wizard (D:8)
1 creature vanquished.

Grand Total: 229 creatures vanquished

Notes
Turn   | Place    | Note
-------+----------+-------------------------------------------
     0 | D:1      | hypnoticadvantage the Minotaur Berserker began the quest
                  | for the Orb.
     0 | D:1      | Reached XP level 1. HP: 19/19 MP: 0/0
   538 | D:1      | Reached XP level 2. HP: 27/27 MP: 1/1
  1281 | D:2      | Reached XP level 3. HP: 31/33 MP: 2/2
  1525 | D:2      | Reached ** piety under Trog
  2248 | D:3      | Reached XP level 4. HP: 30/41 MP: 3/3
  2379 | D:3      | Found a burning altar of Makhleb.
  2422 | D:3      | Found a glowing golden altar of the Shining One.
  3070 | D:3      | Found a sparkling altar of Nemelex Xobeh.
  3178 | D:4      | Noticed an ogre
  3193 | D:4      | Killed an ogre
  3194 | D:4      | Reached skill level 5 in Fighting
  3194 | D:4      | Reached XP level 5. HP: 20/48 MP: 4/4
  3400 | D:4      | Noticed an ogre
  3407 | D:4      | Noticed a phantom
  3409 | D:4      | Killed an ogre
  3410 | D:4      | Reached skill level 5 in Maces & Flails
  3410 | D:4      | Reached XP level 6. HP: 47/56 MP: 5/5
  3762 | D:4      | Reached *** piety under Trog
  4055 | D:4      | Noticed Eustachio
  4067 | D:4      | Killed Eustachio
  4068 | D:4      | Reached skill level 5 in Armour
  4068 | D:4      | Reached XP level 7. HP: 61/63 MP: 6/6
  4321 | D:5      | Entered Level 5 of the Dungeon
  4487 | D:5      | Reached skill level 5 in Dodging
  4566 | D:5      | You fall into a shaft and drop 2 floors!
  4621 | D:7      | Found Dalet's Antique Weapon Boutique.
  4702 | D:7      | Noticed Duvessa
  4702 | D:7      | Noticed Dowan
  4716 | D:7      | Killed Duvessa
  4734 | D:7      | Killed Dowan
  4735 | D:7      | Reached XP level 8. HP: 48/71 MP: 7/7
  4849 | D:7      | Found a blossoming altar of Fedhas.
  4849 | D:7      | Found an ornate altar of the Wu Jian Council.
  4901 | D:7      | Noticed Joseph
  5097 | D:7      | Killed Joseph
  5511 | D:7      | Found Udolabyj's Jewellery Emporium.
  5952 | D:7      | Bought an amulet of guardian spirit for 390 gold pieces
  6379 | D:7      | Found a runed translucent door.
  6380 | D:7      | Noticed Crazy Yiuf
  6590 | D:7      | Found Sext's Armour Shop.
  6919 | D:7      | Killed Crazy Yiuf
  7041 | D:8      | Found a bloodstained altar of Trog.
  7043 | D:8      | Noticed a wizard
  7047 | D:8      | Killed a wizard
  7213 | D:8      | Reached XP level 9. HP: 63/81 MP: 6/8
  7453 | D:8      | Noticed a troll
  7469 | D:8      | Killed a troll
  7477 | D:8      | Reached **** piety under Trog
  8089 | D:8      | Noticed Maurice
  8120 | D:8      | Killed Maurice
  8155 | D:8      | Gained mutation: Your body sometimes deteriorates upon
                  | taking damage. [potion of mutation]
  8155 | D:8      | Gained mutation: Your spells are a little harder to cast,
                  | but a little more powerful. [potion of mutation]
  8155 | D:8      | Gained mutation: You have large cloven feet. [potion of
                  | mutation]
  8683 | D:9      | Found a staircase to the Lair.
  8694 | D:9      | Reached XP level 10. HP: 87/91 MP: 9/9
  8955 | D:9      | Found a staircase to the Orcish Mines.
  9078 | D:9      | Reached skill level 10 in Fighting
  9078 | D:9      | Reached skill level 10 in Maces & Flails
  9177 | D:9      | Found a large runed translucent door.
  9178 | D:9      | Found a large runed translucent door.
  9180 | D:9      | Noticed anonymous's ghost (novice NaGl)
 10164 | D:10     | Entered Level 10 of the Dungeon
 10327 | D:10     | Reached skill level 10 in Armour
 10712 | D:10     | Found a hazy altar of Hepliaklqana.
 11044 | D:10     | Noticed a sun demon
 11238 | D:10     | Reached XP level 11. HP: 94/101 MP: 10/10
 11406 | D:11     | Noticed a cyan ugly thing
 11407 | D:11     | Noticed a four-headed hydra
 11422 | D:11     | Killed a cyan ugly thing
 12019 | D:11     | Killed a four-headed hydra
 12154 | D:11     | Reached skill level 10 in Dodging
 12588 | D:12     | Noticed a deep elf zephyrmancer
 12588 | D:12     | Noticed a deep elf pyromancer
 12591 | D:12     | Noticed a deep elf zephyrmancer
 12591 | D:12     | Noticed a deep elf pyromancer
 12592 | D:12     | Noticed a deep elf zephyrmancer
 13203 | D:11     | Noticed a two-headed ogre
 13209 | D:11     | Killed a two-headed ogre
 13881 | D:13     | Noticed a deep elf pyromancer
 13947 | D:12     | Noticed Jorgrun
 13972 | D:12     | Constricted to death by Jorgrun

Illustrated notes

Levels and vault maps discovered:
D:1:      minmay_arrival_diagonal_passages, layout_loops_corners
D:2:      layout_loops_ring, dk_noncrumbling_4
D:3:      minmay_chambers_of_twos, layout_rooms, pf_just_have_faith,
          lemuel_coloured_pillars_altar, nicolae_overflow_crystal_walls,
          minmay_close_crescents
D:4:      layout_basic, uniq_eustachio
D:5:      layout_rooms, grunt_gozag_breadcrumbs,
          hangedman_abyss_or_decor_passed, kennysheep_crisscross,
          nrook_loot_triangle
D:7:      layout_basic, grunt_temple_overflow_open, serial_shops,
          nicolae_shop_waterfront, nicolae_stop_n_shop_1, nicolae_stop_n_shop_2,
          uniq_duvessa, uniq_crazy_yiuf_cottage, uniq_joseph
D:8:      layout_basic, trog_wizard, uniq_maurice
D:9:      layout_basic, lair_entry_dummy, david_orc_3,
          ebering_ghost_disaster_area
D:10:     layout_stronghold, mainiacjoe_overflow_alcove_2, serial_column_ruins,
          column_ruins_hut, column_ruins_hut, column_ruins_grid_2,
          column_ruins_open_tiny, column_ruins_columns_straight,
          column_ruins_grid_3, column_ruins_grid_1, column_ruins_grid_4,
          column_ruins_columns_T, minmay_misc_feat_doors
D:11:     layout_loops_ring, nicolae_water_bricks, dreamdust_princess_corridor,
          kennysheep_nondescript, kennysheep_okawaru_gauntlet
D:12:     layout_roguey, serial_shops, kennysheep_mini,
          nicolae_trove_entry_crystal, nicolae_benzene_ring,
          elves_outpost_lemuel, uniq_frances, uniq_jorgrun
D:13:     layout_irregular_city, david_vaults_2, uniq_nessos

Skill      XL: |  1  2  3  4  5  6  7  8  9 10 11 |
---------------+----------------------------------+-----
Fighting       | 4 5 6 8 9 10 11 | 11.8
Maces & Flails | 4 5 6 8 9 10 11 | 11.8
Armour         | 3 4 5 6 7 9 10 11 | 11.4
Dodging        | 3 4 5 6 8 9 10 | 10.6

Action                   |  1- 3 |  4- 6 |  7- 9 | 10-12 || total
-------------------------+-------+-------+-------+-------++-------
Melee: Mace              |    70 |    98 |   245 |   333 ||   746
       Headbutt          |    10 |    18 |    61 |    80 ||   169
Invok: Trog's Hand       |       |     1 |     6 |    10 ||    17
       Berserk           |       |     1 |     1 |     9 ||    11
       Brothers in Arms  |       |       |     1 |       ||     1
  Use: Scroll            |     6 |       |     6 |     4 ||    16
       Potion            |       |       |     4 |     3 ||     7
 Stab: Sleeping          |     1 |       |       |       ||     1
       Distracted        |       |       |       |     1 ||     1
Armor: Animal skin       |    16 |     6 |       |       ||    22
       Scale mail        |       |    24 |    20 |       ||    44
       Ring mail         |       |       |    44 |   124 ||   168
Dodge: Dodged            |    62 |    74 |   207 |   290 ||   633
Block: Buckler           |       |    10 |    47 |    51 ||   108

Table legend: (Time is in decaauts)
 A = Elapsed time spent in this place.
 B = Non-inter-level travel time spent in this place.
 C = Inter-level travel time spent in this place.
 D = Time resting spent in this place.
 E = Time spent auto-exploring this place.
 F = Levels seen in this place.
 G = Mean time per level.
                   A        B        C        D        E       F      G
               +--------+--------+--------+--------+--------+-----+--------+
         Total |  14042 |  13704 |    338 |   3418 |   7629 |  12 | 1170.2 |
       Dungeon |  14042 |  13704 |    338 |   3418 |   7629 |  12 | 1170.2 |
               +--------+--------+--------+--------+--------+-----+--------+

Top non-repeatable levels by time:
     D:7: 2452 daAuts
    D:10: 1741 daAuts
     D:8: 1642 daAuts
     D:9: 1508 daAuts
    D:11: 1451 daAuts
     D:4: 1178 daAuts
     D:1: 1160 daAuts
     D:2: 1072 daAuts
     D:3: 949 daAuts
    D:12: 633 daAuts
     D:5: 248 daAuts
    D:13: 5 daAuts
